 Dungeon Crawl Stone Soup version 0.26.0-10-g1f06aea511 (webtiles) character file.

Game seed: 14399502883962894714

174 Borgoz the Cudgeller (level 5, -2/42 HPs)
             Began as a Ghoul Gladiator on Jan 30, 2021.
             Slain by a gnoll
             ... wielding a +0 spear
              (4 damage)
             ... on level 2 of the Dungeon.
             The game lasted 00:03:28 (2943 turns).

Borgoz the Cudgeller (Ghoul Gladiator)              Turns: 2943, Time: 00:03:29

Health: -2/42      AC:  6    Str: 18    XL:     5   Next: 54%
Magic:  4/4        EV: 12    Int:  3    God:
Gold:   87         SH:  3    Dex: 11    Spells: 4/4 levels left

rFire    . . .     SeeInvis .   a - +0 flail
rCold    + . .     Faith    .   e - +0 buckler
rNeg     + + +     Spirit   .   b - +0 leather armour
rPois    ∞         Reflect  .   d - +2 helmet
rElec    .         Harm     .   (no cloak)
rCorr    .         Rampage  .   (no gloves)
Will     .....                  (no boots)
Stlth    +.........             (no amulet)
HPRegen  0.00/turn              (no ring)
MPRegen  0.09/turn              (no ring)

@: about to teleport
A: claws 1, cold resistance 1, negative energy resistance 3, inhibited
regeneration, torment resistance, unbreathing
a: no special abilities


You were on level 2 of the Dungeon.
You visited 1 branch of the dungeon, and saw 3 of its levels.

You collected 87 gold pieces.

Inventory:

Hand Weapons
 a - a +0 flail (weapon)
Armour
 b - a +0 leather armour (worn)
 d - a +2 helmet (worn)
 e - a +0 buckler (worn)
Scrolls
 g - a scroll of teleportation
 h - a scroll of enchant weapon {unknown}
 i - a scroll of fog {unknown}


   Skills:
 + Level 2.7 Fighting
 * Level 3.6 Maces & Flails
 - Level 1.7 Throwing
 * Level 2.2 Armour
 * Level 3.6 Dodging
 + Level 1.0 Shields


You had 4 spell levels left.
You didn't know any spells.
Your spell library was empty.

Dungeon Overview and Level Annotations

Branches:
Dungeon (3/15)

Altars:
Gozag


Innate Abilities, Weirdness & Mutations

You thrive by killing the living.
You are immune to poison.
You have sharp fingernails.
Your flesh is cold resistant. (rC+)
You are immune to negative energy. (rN+++)
You do not regenerate when monsters are visible.
You are immune to unholy pain and torment.
You can survive without breathing.


Message History

The gnoll struggles against the net.
The gnoll hits you but does no damage.
The gnoll struggles against the net.
You hit the gnoll.
The gnoll is moderately wounded.
The gnoll closely misses you.
The gnoll struggles against the net.
You hit the gnoll.
The gnoll is heavily wounded.
The gnoll closely misses you.
The gnoll struggles against the net.
You hit the gnoll but do no damage.
The gnoll is heavily wounded.
The gnoll closely misses you.
The gnoll struggles against the net.
The net rips apart, and the gnoll comes free!
The gnoll barely misses you.
You aren't carrying any potions.
As you read the scroll labelled IVALOD ZOPT, it crumbles to dust.
You feel strangely unstable.
It was a scroll of teleportation.
You block the gnoll's attack. The gnoll hits you but does no damage.
You block the gnoll's attack.
The gnoll hits you from afar with a +0 spear.
You die...

.....#......###.#.##.............
.....#............####...........
.....#....#....#..# #...........
.....#....#....#..# #....#+#####
#.........#....#..####....#......
#.........#....#........#.#.....)
#.........#..........)..#.#......
###.......#(....g>g.....#.###....
###.......#.....@(..........+....
..#)......+...............###....
..........#.......##.............
.......<..........##.............
........).####...###.............
.................# #.............
.......########### #.............
.......# #............. .......#
#######.....#'#.....


You could see 2 gnolls.

Vanquished Creatures
  Jessica (D:2)
  Robin (D:2)
  4 gnolls
  2 adders
  A worm (D:2)
  A dart slug (D:1)
  A ball python (D:2)
  10 bats
  A giant cockroach (D:1)
  12 hobgoblins
  10 jackals
  A frilled lizard (D:2)
  13 goblins
  5 kobolds
  4 rats
67 creatures vanquished.

Notes
Turn   | Place    | Note
-------+----------+-------------------------------------------
     0 | D:1      | Borgoz the Ghoul Gladiator began the quest for the Orb.
     0 | D:1      | Reached XP level 1. HP: 17/17 MP: 0/0
   271 | D:1      | Reached XP level 2. HP: 16/24 MP: 1/1
   458 | D:1      | Reached skill level 1 in Armour
   753 | D:1      | Reached XP level 3. HP: 15/30 MP: 2/2
  1251 | D:2      | Noticed Jessica
  1259 | D:2      | Killed Jessica
  1260 | D:2      | Reached XP level 4. HP: 23/37 MP: 3/3
  1433 | D:2      | Noticed Robin
  1616 | D:2      | Killed Robin
  1870 | D:2      | Found an opulent altar of Gozag.
  2431 | D:3      | Reached XP level 5. HP: 42/42 MP: 4/4
  2664 | D:3      | Reached skill level 1 in Shields
  2936 | D:2      | HP: 2/42 [gnoll/+0 spear (4)]
  2943 | D:2      | Slain by a gnoll

Illustrated notes

Levels and vault maps discovered:
D:1:      giann_bridges, layout_basic
D:2:      layout_basic, grunt_gozag_breadcrumbs, uniq_robin, uniq_jessica
D:3:      layout_basic, lemuel_coloured_pillars_altar, vehumet_crystals

Skill      XL: |  1  2  3  4  5 |
---------------+----------------+-----
Dodging        | 3 |  3.6
Maces & Flails | 3 |  3.6
Armour         | 1 2 |  2.2
Shields        | 1 |  1.0
Fighting       | |  2.7
Throwing       | |  1.7

Action                   |  1- 3 |  4- 6 || total
-------------------------+-------+-------++-------
Melee: Flail             |   132 |   156 ||   288
Throw: Throwing net      |     3 |     5 ||     8
  Use: Scroll            |     2 |     3 ||     5
       Potion            |     1 |     5 ||     6
Armor: Leather armour    |    71 |    99 ||   170
Dodge: Dodged            |   141 |   177 ||   318
Block: Buckler           |    23 |    46 ||    69
